 Dungeon Crawl Stone Soup version 0.26.1-11-gd32895ea62 (webtiles) character file.

Game seed: 14512222415456325628

2914 dtburroughs the Fighter (level 9, -12/81 HPs)
             Began as a Minotaur Berserker on July 15, 2021.
             Was an Elder of Trog.
             Splashed by an orc's acid (13 damage)
             ... on level 8 of the Dungeon.
             The game lasted 00:16:20 (9137 turns).

dtburroughs the Fighter (Minotaur Berserker)        Turns: 9137, Time: 00:16:21

Health: -12/81     AC: 13    Str: 22    XL:     9   Next: 50%
Magic:  8/8        EV:  9    Int: 13    God:    Trog [****..]
Gold:   474        SH:  9    Dex: 10    Spells: 8/8 levels left

rFire    . . .     SeeInvis .   a - +0 hand axe
rCold    . . .     Faith    .   y - +0 buckler
rNeg     . . .     Spirit   .   G - +0 plate armour
rPois    .         Reflect  +   r - +0 hat
rElec    .         Harm     .   t - +1 cloak {Stlth+}
rCorr    .         Rampage  .   D - +0 pair of gloves
Will     +....                  (no boots)
Stlth    ..........             f - amulet of reflection
HPRegen  0.23/turn              x - ring of willpower
MPRegen  0.11/turn              A - +6 ring of intelligence

@: lethally poisoned (-12 -> -13), corroded
A: retaliatory headbutt, horns 2
a: Renounce Religion, Berserk, Trog's Hand, Brothers in Arms


You were on level 8 of the Dungeon.
You worshipped Trog.
Trog was greatly pleased with you.
You visited 1 branch of the dungeon, and saw 8 of its levels.
You also visited: Ossuary.

You collected 474 gold pieces.

Inventory:

Hand Weapons
 a - a +0 hand axe (weapon)
 n - a +0 morningstar
Armour
 r - a +0 hat (worn)
 t - a +1 cloak of stealth (worn)
 y - a +0 buckler (worn)
 D - a +0 pair of gloves (worn)
 G - a +0 plate armour (worn)
Jewellery
 e - a cursed ring of attention {unknown}
 f - an amulet of reflection (around neck)
 x - a ring of willpower (left hand)
 A - a +6 ring of intelligence (right hand)
Wands
 o - a wand of acid (9)
 z - a wand of flame (15)
Scrolls
 c - 3 scrolls of teleportation
 d - 2 scrolls of remove curse {unknown}
 h - a scroll of magic mapping
 k - 2 scrolls of blinking
 B - a scroll of fog
 C - a scroll of fear
 E - 4 scrolls of identify
 F - a scroll of random uselessness {unknown}
 H - a scroll of silence {unknown}
Potions
 b - 6 potions of heal wounds
 g - a potion of brilliance {unknown}
 i - 3 potions of degeneration {unknown}
 j - a potion of might {unknown}
 l - 2 potions of haste {unknown}
 m - 3 potions of attraction
 p - a potion of invisibility {unknown}
 q - a potion of ambrosia {unknown}
 s - a potion of flight {unknown}
 u - 2 potions of berserk rage
 v - 9 potions of curing
 w - a potion of resistance {unknown}


   Skills:
 + Level 8.0 Fighting
 + Level 7.9 Axes
 + Level 7.5 Armour
 + Level 6.8 Dodging
 + Level 4.7 Shields
 + Level 3.5 Evocations


You had 8 spell levels left.
You didn't know any spells.
Your spell library was empty.

Dungeon Overview and Level Annotations

Branches:
Dungeon (8/15)             Temple (0/1) D:5            Lair (0/6) D:8
Ossuary (visited)

Altars:
Fedhas
Sif Muna
Uskayaw
Vehumet
The Shining One

Annotations:
D:1 1 runed translucent door
D:7 3 runed translucent doors, Eryximachus's ghost, novice OpEE


Innate Abilities, Weirdness & Mutations

You reflexively headbutt those who attack you in melee.
You have a pair of horns on your head.


Message History

You start resting.
You feel sick.
An orc is nearby!
An orc is nearby!
You feel sick.
The orc shouts!
The orc cheers to no one in particular.
The orc zaps a wand.
The bolt of acid hits you but does no damage.
You are splashed with acid!!
You feel sick.
The orc zaps a wand.
The bolt of acid hits you!
* * * LOW HITPOINT WARNING * * *
The acid corrodes you!
You are splashed with acid!
* * * LOW HITPOINT WARNING * * *
Items here: ))) [[ †.
You hit the orc but do no damage.
The orc zaps a wand.
The bolt of acid hits you!
* * * LOW HITPOINT WARNING * * *
You are splashed with acid!
You die...

#.....###...
##(........#
#......## #......#
##....## #....##
##.....### #
#.<......######..###
#........†@o.......#
##....(#####........
#.........#
####.....
#.....o.....# ....
....P.........# ..#
.......>..../... .#
#.........(...## .
.#...........##


You could see an orc.

Vanquished Creatures
  2 wargs (D:7)
  A black bear (D:6)
  3 ogres
  A phantom (D:5)
  2 centaurs
  2 big kobolds
  2 elf zombies (Ossuary)
  A scorpion (D:6)
  4 killer bees
  4 howler monkeys
  2 wights (D:8)
  7 lava snakes (D:7)
  2 centaur zombies (Ossuary)
  4 hounds
  A centaur skeleton (D:5)
  2 bullfrog skeletons
  3 orc priests
  Crazy Yiuf (D:3)
  A human zombie (Ossuary)
  3 jellies
  4 orc wizards
  An iguana (D:7)
  6 worker ants
  A hound zombie (D:5)
  A hound skeleton (D:7)
  2 mummies (Ossuary)
  A howler monkey zombie (D:6)
  3 gnolls (D:6)
  6 adders
  A shadow imp (D:7)
  A white imp (D:6)
  An ufetubus (D:7)
  2 adder zombies
  A worm (D:5)
  3 dart slugs
  28 orcs
  6 giant cockroaches
  8 goblins
  4 hobgoblins
  2 jackals (D:6)
  3 quokkas
  2 ball pythons (D:3)
  8 bats
  4 frilled lizards
  2 goblin zombies (Ossuary)
  7 hobgoblin zombies (Ossuary)
  A jackal skeleton (D:5)
  31 kobolds
  11 kobold zombies (Ossuary)
  A leopard gecko zombie (D:5)
  8 orc zombies (Ossuary)
  A quokka skeleton (D:4)
  4 rats
  2 rat zombies (Ossuary)
215 creatures vanquished.

Vanquished Creatures (others)
  20 plants (D:4)
20 creatures vanquished.

Grand Total: 235 creatures vanquished

Notes
Turn   | Place    | Note
-------+----------+-------------------------------------------
     0 | D:1      | dtburroughs the Minotaur Berserker began the quest for the
                  | Orb.
     0 | D:1      | Reached XP level 1. HP: 19/19 MP: 0/0
   101 | D:1      | Found a runed translucent door.
   304 | D:1      | Reached XP level 2. HP: 27/27 MP: 1/1
   833 | D:1      | Reached skill level 4 in Fighting
  1025 | D:2      | Reached XP level 3. HP: 30/33 MP: 2/2
  1062 | D:2      | Found a faded altar of an unknown god.
  1091 | D:2      | Reached ** piety under Trog
  1626 | D:2      | Noticed an ogre
  1636 | D:2      | HP: 1/49 [ogre/+0 giant spiked club (26)]
  1637 | D:2      | Killed an ogre
  1638 | D:2      | Reached XP level 4. HP: 1/41 MP: 3/3
  1638 | D:2      | Reached XP level 5. HP: 2/47 MP: 4/4
  2030 | D:2      | Found a hide-covered altar of Uskayaw.
  2308 | D:3      | Found a shimmering blue altar of Sif Muna.
  2308 | D:3      | Found a glowing golden altar of the Shining One.
  2967 | D:3      | Found a runed translucent door.
  2968 | D:3      | Noticed Crazy Yiuf
  3108 | D:3      | Killed Crazy Yiuf
  3357 | D:4      | Found a sand-covered staircase.
  3366 | Ossuary  | Entered an ossuary
  3433 | Ossuary  | Reached skill level 5 in Axes
  3550 | Ossuary  | Reached skill level 5 in Fighting
  3555 | Ossuary  | Reached *** piety under Trog
  3567 | Ossuary  | Reached XP level 6. HP: 32/56 MP: 5/5
  3789 | D:4      | Reached skill level 5 in Armour
  3789 | D:4      | Reached XP level 7. HP: 62/62 MP: 6/6
  4193 | D:4      | Reached skill level 6 in Fighting
  4776 | D:4      | Found a blossoming altar of Fedhas.
  5272 | D:5      | Entered Level 5 of the Dungeon
  5328 | D:5      | Reached skill level 5 in Dodging
  5382 | D:5      | Reached **** piety under Trog
  5486 | D:5      | Reached skill level 1 in Shields
  5543 | D:5      | Found a staircase to the Ecumenical Temple.
  5621 | D:5      | Reached skill level 1 in Evocations
  5621 | D:5      | Reached XP level 8. HP: 60/71 MP: 7/7
  6204 | D:6      | Found a radiant altar of Vehumet.
  6927 | D:7      | Reached skill level 7 in Fighting
  7018 | D:7      | Found a blossoming altar of Fedhas.
  8363 | D:7      | Found a runed translucent gate.
  8363 | D:7      | Found a runed translucent gate.
  8363 | D:7      | Found a runed translucent gate.
  8363 | D:7      | Noticed Eryximachus's ghost (novice OpEE)
  8377 | D:7      | Reached XP level 9. HP: 73/79 MP: 8/8
  8534 | D:8      | Found a staircase to the Lair.
  9120 | D:8      | Reached skill level 8 in Fighting
  9137 | D:8      | HP: 1/81 [orc/bolt of acid (10)]
  9137 | D:8      | Splashed by an orc's acid

Illustrated notes

Levels and vault maps discovered:
D:1:      dpeg_arrival_caged_fury, layout_basic
D:2:      layout_rooms, lemuel_doored_altar,
          chequers_ecumenical_altar_simple_redux
D:3:      layout_loops_ring, gammafunk_temple_overflow_statue,
          uniq_crazy_yiuf_cottage
D:4:      kennysheep_kobold_camp, layout_layer_cave, general_overflow_altar,
          nicolae_ossuary_entry_ruins
D:5:      layout_cave_pools, minmay_temple_entry_sparse_star
D:6:      layout_loops_ring, kennysheep_little_box, serial_glass,
          glass_columns_c, glass_columns_c, glass_columns_a, glass_columns_b,
          glass_columns_b, glass_columns_a, glass_columns_a, glass_columns_b,
          chequers_decorated_corner
D:7:      kennysheep_big_flooded_room, layout_cave_pools,
          ebering_ghost_rock_garden, basic_altar
D:8:      layout_layer_cave, kennysheep_mini, erik_lair_orcish_takeover,
          bloody_trog, uniq_maggie, uniq_joseph

Skill      XL: |  1  2  3  4  5  6  7  8  9 |
---------------+----------------------------+-----
Axes           | 4 5 6 7 |  7.9
Fighting       | 4 5 6 7 8 |  8.0
Armour         | 3 4 5 6 7 |  7.5
Dodging        | 3 4 5 6 |  6.8
Shields        | 1 3 4 |  4.7
Evocations     | 1 2 3 |  3.5

Action                   |  1- 3 |  4- 6 |  7- 9 || total
-------------------------+-------+-------+-------++-------
Melee: Hand axe          |    55 |   125 |   437 ||   617
       Headbutt          |     6 |    23 |    81 ||   110
Invok: Berserk           |     1 |     2 |     2 ||     5
       Trog's Hand       |     1 |     1 |     6 ||     8
  Use: Scroll            |       |       |     9 ||     9
Armor: Animal skin       |    17 |       |       ||    17
       Ring mail         |       |    45 |    53 ||    98
       Plate armour      |       |       |    76 ||    76
Dodge: Dodged            |    42 |    60 |   165 ||   267
Block: Other             |       |    42 |    21 ||    63
       Buckler           |       |       |   151 ||   151
       Reflection        |       |       |    14 ||    14
